Description

This BO (Build Order) is probably not viable in Master/GM anymore, because the MetaGame shifted in the last few month. But players from Bronze to Diamond should take a look at this.

Maps: Proxima, BloodBoil, Honorgrounds, DuskTowers and all large maps (Alterzim, Apotheosis, etc)

InGame: There is a training map to try this build. "Multiplayer - Custom" and search for "Proxima" or "SALT".

VOD

http://youtu.be/TW_k_6Js5hM

Replay - Proxima - PartinG vs MCanning - NexusFirst into Blink (8Gate)

Build Order

Get SALT Encoding   

  12  0:01  Probe (Chrono Boost)  
  13  0:12  Probe (Chrono Boost)  
  14  0:17  Pylon  
  14  0:24  Probe (Chrono Boost)  
  15  0:37  Probe (Chrono Boost)  
  16  0:47  Probe (Chrono Boost)  
  17  0:58  Nexus  Probe-Scout after Nexus!
  17  1:02  Probe (Chrono Boost)  
  18  1:12  Gateway  Hit 1:12 (Gate) because Core-Timing is important!
  18  1:17  Assimilator  
  18  1:21  Probe (Chrono Boost)  
  19  1:25  Assimilator  
  19  1:32  Probe (Chrono Boost)  
  20  1:42  Probe (Chrono Boost)  
  21  1:53  Probe (Chrono Boost)  
  22  1:58  Cybernetics Core  Build Core before the 2-minute-mark!
  25  2:15  Pylon  
  29  2:37  Stalker  
  29  2:40  Warp Gate  
  32  2:48  Twilight Council  Very important timing!
  35  3:04  Mothership Core (Chrono Boost)  Important for defense!
  35  3:05  Stalker  Scout with Stalker!
  37  3:09  Blink (Chrono Boost)  
  39  3:14  Pylon  
  42  3:32  Gateway  
  43  3:34  Stalker  
  46  3:47  Gateway  
  48  3:55  Robotics Facility  
  48  4:01  Pylon  
  51  4:15  Assimilator x2  
  53  4:29  Nexus  
  54  4:38  Pylon  
  56  5:01  Gateway x3  
  56  5:07  Warp Prism  
  56  5:13  Charge  Cost: 100/100, research it, if you have Over-Gas!
  60  5:16  Stalker  Warp-In Stalkers constantly from now on!
  68  5:41  Observer  
  68  5:46  Robotics Bay  
  68  5:47  Sentry  OPTIONAL for Scouting!
  68  5:49  Forge x2  
  75  5:59  Observer  
  88  6:40  Protoss Ground Weapons Level 1  
  88  6:41  Protoss Ground Armor Level 1  
  88  6:46  Gateway x2  
Spawning Tool Build Advisor. Get it on Overwolf

Analysis

Most important benchmarks:

  • 17 Nexus at 0:58
  • 22 Core at 1:58 (before 2:00!)
  • After Stalkers and WG-Tech @100 gas: Twilight Council
  • After TC (Twilight Council) @100 gas: Mothership Core
  • @100% TC => Blink at ~3:23
  • WarpPrism at ~5:08

Attack commences at ~6:10 with 9 Stalkers and a WarpPrism at the front. Keep your money low! Do not forget to warp in Stalkers over Blink-Micro!

At 6:45 you should have at least:

  • 55 Probes
  • 3 Nexi
  • 19 Stalkers
  • above 100 Supply

Go to:

Details

  • Created by: NeoBlade     
  • Published on: May 31, 2017
  • Modified on: Jun 04, 2017
  • Patch: 3.8.0
Show
View Real Time Build Order
Export as new Build Order

Comments (0)

There are no comments. Be the first!

Create an account to comment!